 Dungeon Crawl Stone Soup version 0.30-a0-591-g3c58d2bc28 (webtiles) character file.

Game seed: 3055663405339022117

121 sokol815 the Cudgeller (level 5, 0/32 HPs)
             Began as a Gargoyle Monk on Jan 4, 2023.
             Slain by a gnoll
             ... wielding a +0 whip
              (7 damage)
             ... on level 3 of the Dungeon.
             The game lasted 00:04:02 (1755 turns).

sokol815 the Cudgeller (Gargoyle Monk)              Turns: 1755, Time: 00:04:02

Health: 0/32       AC: 11    Str: 14    XL:     5   Next: 5%
Magic:  5/5        EV: 12    Int: 11    God:
Gold:   124        SH:  0    Dex: 14    Spells: 4/4 levels left

rFire   . . .      SeeInvis .    a - +0 mace
rCold   . . .      Faith    .    (no shield)
rNeg    + . .      Spirit   .    m - +3 leather armour
rPois   ∞          Reflect  .    (no helmet)
rElec   +          Harm     .    (no cloak)
rCorr   .          Rampage  .    f - +0 pair of gloves
Will    .....                    (no boots)
Stlth   ++                       l - amulet of the acrobat
HPRegen 0.25/turn                Z - ring of wizardry {Wiz+, !d}
MPRegen 0.09/turn                (no ring)

@: no status effects
A: sickness immunity, AC +4, negative energy resistance 1, electricity
resistance, torment resistance 1, petrification resistance
a: no special abilities


You were on level 3 of the Dungeon.
You visited 1 branch of the dungeon, and saw 3 of its levels.

You collected 124 gold pieces.

Inventory:

Hand Weapons
 a - a +0 mace (weapon)
 b - a +1 antimagic sling
   (You found it on level 1 of the Dungeon)
Missiles
 s - 28 stones (quivered)
Armour
 f - a +0 pair of gloves (worn)
   (You found it on level 1 of the Dungeon)
 g - a +0 ring mail
   (You found it on level 1 of the Dungeon)
 i - a +0 robe
 m - a +3 leather armour (worn)
   (You found it on level 1 of the Dungeon)
 n - a +0 scale mail
   (You took it off Terence on level 2 of the Dungeon)
Jewellery
 l - an amulet of the acrobat (around neck)
   (You found it on level 1 of the Dungeon)
 Z - a ring of wizardry (left hand) {Wiz+, !d}
   (You found it on level 1 of the Dungeon)
Scrolls
 c - a scroll of vulnerability {unknown}
 d - 4 scrolls of identify {unknown}
 h - a scroll of amnesia {unknown}
 j - a scroll of silence {unknown}
 k - 3 scrolls of teleportation {unknown}
 p - a scroll of immolation {unknown}
Potions
 e - 3 potions of haste {unknown}
 o - a potion of brilliance {unknown}
 G - a potion of ambrosia {!q}


   Skills:
 - Level 3.3 Fighting
 + Level 4.4 Maces & Flails
 * Level 3.0 Ranged Weapons
 - Level 2.4 Dodging
 - Level 2.2 Stealth


You had 4 spell levels left.
You didn't know any spells.
Your spell library was empty.

Dungeon Overview and Level Annotations

Branches:
Dungeon (3/15) Zot: 16200

Altars:


Innate Abilities, Weirdness & Mutations

You are immune to sickness and miasma.
Your stone body is resilient. (AC +4)
You are immune to poison.
You resist negative energy. (rN+)
You are resistant to electric shocks. (rElec)
You are resistant to unholy torment.
You are immune to petrification.


Message History

e - 3 amethyst potions (gained 1)
You see here a +0 war axe.
k - 3 scrolls labelled UKIEVV BIMPU (gained 1)
There is a stone staircase leading up here.
Found a stone staircase leading down.
You now have 124 gold pieces (gained 12).
You see here a +0 war axe.
A giant cockroach comes into view.
You shoot a sling bullet.
The sling bullet hits the giant cockroach.
You kill the giant cockroach!
You hear a shout!
No target in view!
No target in view!
A hobgoblin comes into view.
You shoot a sling bullet.
The sling bullet closely misses the hobgoblin.
The hobgoblin shouts!
The hobgoblin hits you but does no damage.
You shoot a sling bullet. The sling bullet hits the hobgoblin.
The hobgoblin hits you.
You take 1 damage, and have 27/28 hp.
You shoot a sling bullet. The sling bullet hits the hobgoblin.
You kill the hobgoblin!
No target in view!
No target in view!
You see here a +0 whip.
Found an escape hatch in the ceiling.
Found a stone staircase leading up.
Health restored: 28
p - a scroll labelled WOARIULIWN
s - 28 stones (gained 2)
A gnoll comes into view. It is wielding a +0 whip.
You shoot a sling bullet. The sling bullet hits the gnoll.
A gnoll comes into view. It is wielding a +0 spear. x2
You shoot a sling bullet. The gnoll shouts! x2
The sling bullet hits the gnoll.
You shoot a sling bullet.
The sling bullet hits the gnoll but does no damage.
You shoot a sling bullet.
The sling bullet barely misses the gnoll.
The sling bullet hits the gnoll.
The gnoll hits you but does no damage. x2
You shoot a sling bullet. The sling bullet hits the gnoll.
The gnoll hits you from afar with a +0 spear.
You take 5 damage, and have 23/28 hp.
You shoot a sling bullet. The sling bullet hits the gnoll.
You kill the gnoll!
You shoot a sling bullet.
The sling bullet barely misses the gnoll. x2
The gnoll hits you but does no damage.
You shoot a sling bullet.
The sling bullet hits the gnoll but does no damage.
The gnoll barely misses you. The gnoll hits you with a +0 whip.
You take 6 damage, and have 18/28 hp.
MASSIVE DAMAGE!!
You feel magic returning to you.
a - a +0 mace (weapon)
The gnoll barely misses you. The gnoll hits you but does no damage.
You hit the gnoll but do no damage. The gnoll hits you with a +0 whip.
The gnoll hits you from afar with a +0 spear.
You take 4 damage, and have 14/28 hp.
You hit the gnoll. The gnoll hits you but does no damage.
The gnoll barely misses you.
You hit the gnoll but do no damage. The gnoll hits you but does no damage.
The gnoll hits you with a +0 whip.
A gnoll comes into view. It is wielding a +0 whip.
You take 2 damage, and have 13/28 hp.
You hit the gnoll.
You kill the gnoll!
The gnoll closely misses you.
MP restored: 4 The gnoll barely misses you.
You barely miss the gnoll. The gnoll hits you but does no damage.
You hit the gnoll. The gnoll hits you but does no damage.
The gnoll hits you with a +0 spear.
You take 2 damage, and have 19/28 hp.
You hit the gnoll but do no damage. The gnoll completely misses you.
You hit the gnoll but do no damage. The gnoll completely misses you.
You hit the gnoll but do no damage. The gnoll closely misses you.
You hit the gnoll but do no damage. The gnoll hits you with a +0 spear!
You take 7 damage, and have 13/28 hp.
MASSIVE DAMAGE!!
You closely miss the gnoll. The gnoll closely misses you.
The gnoll hits you but does no damage.
You barely miss the gnoll. The gnoll closely misses you.
You hit the gnoll. The gnoll closely misses you.
You closely miss the gnoll. The gnoll hits you with a +0 spear.
You take 5 damage, and have 9/28 hp.
You barely miss the gnoll. The gnoll hits you but does no damage.
You hit the gnoll.
You kill the gnoll!
Your Ranged Weapons skill increases to level 3!
You have reached level 5!
MP restored: 5 You closely miss the gnoll.
The gnoll hits you with a +0 whip.
* * * LOW HITPOINT WARNING * * *
You take 4 damage, and have 7/32 hp.
You hit the gnoll but do no damage. The gnoll hits you but does no damage.
The gnoll hits you with a +0 whip!
You die...

#.# #.#.##. #.# #.#.##. #g#
#.#.##. #.# #.#.##. #.#
#)#.##. #.# #.#.##. #.#
#.#.##.
#.###################.#.##.
#........g@................
#.#########################
#.# ###


You could see a gnoll.

Vanquished Creatures
  Terence (D:2)
  3 gnolls (D:3)
  An adder (D:2)
  A worm (D:2)
  3 dart slugs (D:2)
  An orc (D:3)
  6 endoplasms
  2 giant cockroaches
  3 goblins
  4 hobgoblins
  2 quokkas (D:1)
  6 ball pythons
  6 bats
  3 frilled lizards
  2 kobolds (D:1)
  5 rats
49 creatures vanquished.

Vanquished Creatures (others)
  8 plants (D:3)
8 creatures vanquished.

Grand Total: 57 creatures vanquished

Notes
Turn   | Place    | Note
-------+----------+-------------------------------------------
     0 | D:1      | sokol815 the Gargoyle Monk began the quest for the Orb.
     0 | D:1      | Reached XP level 1. HP: 14/14 MP: 1/1
   257 | D:1      | Reached XP level 2. HP: 19/19 MP: 2/2
   554 | D:1      | Reached XP level 3. HP: 23/23 MP: 1/3
   624 | D:1      | Reached skill level 1 in Ranged Weapons
  1005 | D:2      | Noticed Terence
  1024 | D:2      | Killed Terence
  1025 | D:2      | Reached skill level 4 in Maces & Flails
  1090 | D:2      | Reached skill level 2 in Ranged Weapons
  1122 | D:2      | Reached XP level 4. HP: 27/28 MP: 1/4
  1754 | D:3      | Reached skill level 3 in Ranged Weapons
  1754 | D:3      | Reached XP level 5. HP: 11/32 MP: 5/5
  1754 | D:3      | HP: 7/32 [gnoll/+0 whip (5)]
  1755 | D:3      | Slain by a gnoll

Illustrated notes

Levels and vault maps discovered:
D:1:      lemuel_arrival_lava_pool, layout_basic, minmay_heptomino_o4
D:2:      layout_basic, uniq_terence
D:3:      layout_basic, nicolae_elyvilon_temple_path

Skill      XL: |  1  2  3  4 |
---------------+-------------+-----
Ranged Weapons | 2 3 |  3.0
Maces & Flails | 4 |  4.4
Fighting       | |  3.3
Dodging        | |  2.4
Stealth        | |  2.2

Action                   |  1- 3 |  4- 6 || total
-------------------------+-------+-------++-------
Melee: Mace              |    44 |    21 ||    65
 Fire: Sling             |    46 |    49 ||    95
Throw: Stone             |    12 |       ||    12
 Stab: Sleeping          |     3 |       ||     3
Armor: Robe              |     1 |       ||     1
       Ring mail         |     9 |       ||     9
       Leather armour    |    21 |    16 ||    37
Dodge: Dodged            |    46 |    19 ||    65

Table legend: (Time is in decaauts)
 A = Elapsed time spent in this place.
 B = Non-inter-level travel time spent in this place.
 C = Inter-level travel time spent in this place.
 D = Time resting spent in this place.
 E = Time spent auto-exploring this place.
 F = Levels seen in this place.
 G = Mean time per level.
                   A        B        C        D        E       F      G
               +--------+--------+--------+--------+--------+-----+--------+
         Total |   1798 |   1774 |     24 |     41 |   1337 |   3 |  599.3 |
       Dungeon |   1798 |   1774 |     24 |     41 |   1337 |   3 |  599.3 |
               +--------+--------+--------+--------+--------+-----+--------+

Top non-repeatable levels by time:
     D:1: 876 daAuts
     D:2: 622 daAuts
     D:3: 300 daAuts

Table legend:
 A = Kills in this place as a percentage of kills in entire the game.
 B = Kills by you in this place as a percentage of kills by you in the entire game.
 C = Kills by friends in this place as a percentage of kills by friends in the entire game.
 D = Other kills in this place as a percentage of other kills in the entire game.
 E = Experience gained in this place as a percentage of experience gained in the entire game.
 F = Experience gained in this place divided by the number of levels of this place that you have seen.
                   A       B       C       D       E      F
               +-------+-------+-------+-------+-------+----------------------
         Total | 100.0 | 100.0 |   N/A |   N/A | 100.0 |  58.0
       Dungeon | 100.0 | 100.0 |   N/A |   N/A | 100.0 |  58.0
               +-------+-------+-------+-------+-------+----------------------
